Map: Ulrena

Players

CatsPajamas

  • Race: Terran Terran
  • League: Gold

KingOfTerran - Winner!

  • Race: Terran Terran
  • League: Platinum

VOD

Have the link to the VOD?

Description

Time

  • Played on: Feb. 11, 2016, 2:49 p.m.
  • Length: 7:06
Show
View Real Time Build Order
Export as new Build Order

CatsPajamas Terran 

Build Orders: Liberator Opening 

Get SALT Encoding   

  12  0:02  SCV  
  13  0:14  SCV  
  14  0:23  Supply Depot  
  14  0:26  SCV  
  15  0:32  Refinery  
  15  0:45  SCV  
  16  0:51  Barracks  
  16  0:57  SCV  
  17  1:11  SCV  
  18  1:23  SCV  
  19  1:35  SCV  
  20  1:41  Factory  
  20  1:47  SCV  
  21  1:54  Command Center  
  21  1:59  SCV  
  22  2:02  Barracks Reactor  
  22  2:13  Orbital Command  
  22  2:19  Supply Depot  
  22  2:32  Supply Depot  
  22  2:48  SCV  
  22  2:50  Starport  
  22  2:51  Refinery  
  23  2:54  Hellion  
  23  2:57  Hellion  
  27  3:01  Barracks Tech Lab  
  27  3:04  SCV  
  28  3:12  Liberator  
  28  3:15  Hellion, SCV  
  28  3:18  Hellion  
  28  3:19  SCV  
  37  3:37  Hellion, SCV  
  37  3:39  Hellion  
  43  3:49  SCV  
  43  3:51  Orbital Command  
  43  3:58  Supply Depot  
  43  4:01  SCV  
  44  4:04  Hellion  
  44  4:07  Hellion  
  48  4:13  SCV  
  47  4:43  SCV x2  
  47  4:45  Refinery  
  49  4:46  Refinery  
  49  4:50  Starport Reactor  
  46  4:55  Barracks Tech Lab  
  46  4:58  SCV x2  
  48  5:03  Siege Tank  
  51  5:08  Command Center  
  51  5:12  Engineering Bay  
  51  5:13  Barracks  
  47  5:26  Bunker  
  47  5:30  Bunker  
  47  5:31  SCV x2  
  47  5:32  Bunker  
  47  5:47  Siege Tank  
  47  5:48  Medivac x2  
  47  5:49  Marauder  
  43  6:07  Barracks  
  42  6:36  Supply Depot  
  42  6:37  Supply Depot  
  42  6:38  Supply Depot  
  42  6:50  Barracks Reactor  
  42  6:51  Supply Depot  
Show
View Real Time Build Order
Export as new Build Order

KingOfTerran Terran - Winner!

Build Orders: Mass Reaper, Dark Templar Rush, Roach Defense from Adept, Siege Tank Drop 

Get SALT Encoding   

  12  0:01  SCV  
  13  0:13  SCV  
  14  0:20  Supply Depot  
  14  0:25  SCV  
  15  0:42  Barracks, SCV  
  16  0:51  Supply Depot  
  16  0:54  SCV  
  17  1:07  Refinery  
  17  1:08  Refinery  
  17  1:09  SCV  
  18  1:25  SCV  
  18  1:29  Marine  
  19  1:38  Orbital Command  
  19  1:47  Marine  
  20  1:57  Barracks  
  20  2:05  SCV, Marine  
  22  2:13  Factory  
  22  2:20  SCV  
  23  2:25  Marine  
  24  2:32  SCV  
  24  2:34  Supply Depot  
  25  2:42  Marine  
  26  2:44  SCV  
  26  2:45  Barracks Reactor  
  27  2:56  SCV, Factory Tech Lab  
  28  2:59  Starport  
  28  3:02  Marine  
  29  3:08  SCV  
  30  3:15  Siege Tank  
  33  3:27  Supply Depot  
  33  3:28  Marine x2  
  33  3:32  Barracks Reactor  
  35  3:37  Starport Reactor  
  35  3:51  Supply Depot  
  35  3:54  Siege Tank  
  35  3:55  Marine x2  
  39  4:01  Supply Depot  
  40  4:09  Marine x2  
  42  4:13  Marine x2  
  42  4:16  Viking  
  46  4:17  Liberator  
  49  4:41  Siege Tank  
  49  4:44  Marine x3  
  50  4:56  Marine  
  51  5:02  Marine x3  
  54  5:12  Liberator  
  54  5:13  Siege Tank  
  56  5:14  Marine  
  56  5:19  Marine  
  56  5:20  Marine x2  
  59  5:32  Marine  
  63  6:02  Marine x3  
  63  6:18  Marine  
  63  6:25  Marine x2  
  62  6:26  Marine  
  62  6:27  Siege Tank  
  61  6:36  Marine  
  62  6:43  Marine  
Tags
 
Add a new tag
Caveats
  • Supply blocks, unpowered buildings, or Contaminate may cause inaccurate times.
  • Supply counts are checked every 10 seconds.